 Dungeon Crawl Stone Soup version 0.20.1-1-g8b1a95d (webtiles) character file.

88 Zedayar the Ruffian (level 4, -1/45 HPs)
             Began as a Troll Berserker on Aug 23, 2017.
             Was a Believer of Trog.
             Slain by an orc
             ... wielding a +0 flail
              (3 damage)
             ... on level 3 of the Dungeon.
             The game lasted 00:07:01 (1041 turns).

Zedayar the Ruffian (Troll Berserker)               Turns: 1041, Time: 00:07:02

Health: -1/45      AC:  5    Str: 26    XL:     4   Next: 29%
Magic:  3/3        EV: 10    Int:  3    God:    Trog [**....]
Gold:   93         SH:  0    Dex:  9    Spells: 3/3 levels left

rFire    . . .     SeeInvis .     - Unarmed
rCold    . . .     Gourm    +   (no shield)
rNeg     . . .     Faith    .   a - +0 animal skin
rPois    .         Spirit   .   (helmet restricted)
rElec    .         Reflect  .   (no cloak)
rCorr    .         Harm     .   (gloves unavailable)
MR       .....                  (boots unavailable)
Stlth    +.........             (no amulet)
Regen    0.6/turn               (no ring)
MPRegen  0.1/turn               (no ring)

@: berserk cooldown, slowed, very slow
A: unfitting armour, claws 3, fast metabolism 3, gourmand, regeneration 1,
shaggy fur 1, tough skin 2
a: Berserk, Trog's Hand, Burn Spellbooks, Renounce Religion


You were on level 3 of the Dungeon.
You worshipped Trog.
Trog was pleased with you.
You were not hungry.

You visited 1 branch of the dungeon, and saw 3 of its levels.

You collected 93 gold pieces.

Inventory:

Missiles
 f - 60 stones (quivered)
Armour
 a - a +0 animal skin (worn)
Jewellery
 o - an uncursed ring of stealth {unknown}
Scrolls
 c - 3 scrolls of immolation {unknown}
 e - a scroll of fear {unknown}
 g - a scroll of enchant armour {unknown}
 h - 2 scrolls of identify {unknown}
 i - a scroll of fog {unknown}
 l - a scroll of teleportation {unknown}
 m - 2 scrolls of noise {unknown}
Potions
 j - a potion of curing {unknown}
 n - 2 potions of magic {unknown}
Comestibles
 b - a bread ration
 k - 3 fruits


   Skills:
 + Level 3.0 Fighting
 + Level 2.7 Dodging
 * Level 4.2 Unarmed Combat


You had 3 spell levels left.
You didn't know any spells.

Dungeon Overview and Level Annotations

Branches:
Dungeon (3/15)

Altars:
Cheibriados
Gozag

Annotations:
D:3 Fingolfin's ghost, amateur FoFi; Grinder


Innate Abilities, Weirdness & Mutations

You are too large for most types of armour.
You have claws for hands.
Your metabolism is lightning-fast.
You like to eat raw meat.
Your natural rate of healing is unusually fast.
You are covered in fur. (AC +1)
You have very tough skin. (AC +2)


Message History

* * * LOW HITPOINT WARNING * * *
You writhe in agony.
* * * LOW HITPOINT WARNING * * *
Grinder hits you but does no damage. The orc hits you but does no damage.
Grinder closely misses you. The orc hits you but does no damage.
Things that are here:
a dagger; a robe You claw the orc!
You kill the orc!
Trog accepts your kill. Grinder barely misses you.
The orc hits you with a flail.
* * * LOW HITPOINT WARNING * * *
Grinder blinks!
The orc hits you with a flail.
* * * LOW HITPOINT WARNING * * *
Things that are here:
a whip; a leather armour You barely miss the orc.
Fingolfin's ghost hits you but does no damage.
The orc hits you with a flail.
You die...

####### # .....##5#
#......# #
#.###)#.##.##.#.
#...$>..........
#####.#..#5##...
#.#o@W....#
#.#.)###.......#
#.#........#...#
#.#..###.......#
#.#..# ...... #.##.#
....# #.##.# #.#.#
###
#.##.#######.#.####.#
#....................


You could see Grinder, Fingolfin's ghost and an orc.

Vanquished Creatures
  An orc wizard (D:3)
  2 adders (D:2)
  A worm (D:2)
  A leopard gecko (D:1)
  2 orcs (D:3)
  4 bats
  3 giant cockroaches
  4 goblins
  7 hobgoblins
  2 jackals (D:2)
  2 frilled lizards
  3 kobolds
  2 rats
34 creatures vanquished.

Notes
Turn   | Place    | Note
-------+----------+-------------------------------------------
     0 | D:1      | Zedayar the Troll Berserker began the quest for the Orb.
     0 | D:1      | Reached XP level 1. HP: 22/22 MP: 0/0
    43 | D:2      | Reached XP level 2. HP: 14/29 MP: 1/1
   121 | D:2      | Found a snail-covered altar of Cheibriados.
   126 | D:2      | Found an opulent altar of Gozag.
   179 | D:2      | Reached XP level 3. HP: 33/36 MP: 2/2
   586 | D:1      | Reached ** piety under Trog
  1024 | D:3      | Noticed Grinder
  1032 | D:3      | Noticed Fingolfin's ghost (amateur FoFi)
  1036 | D:3      | Reached skill level 4 in Unarmed Combat
  1036 | D:3      | Reached XP level 4. HP: 27/45 MP: 3/3
  1040 | D:3      | HP: 2/45 [orc/flail (6)]
  1041 | D:3      | Slain by an orc

Skill      XL: |  1  2  3 |
---------------+----------+-----
Fighting       | 3 |  3.0
Unarmed Combat | 4 |  4.2
Dodging        | |  2.7

Action                   |  1- 3 |  4- 6 || total
-------------------------+-------+-------++-------
Melee: Unarmed           |    78 |     2 ||    80
       Punch             |     1 |       ||     1
Invok: Berserk           |     1 |       ||     1
  Eat: Chunk             |     4 |       ||     4
       Bread ration      |     1 |       ||     1
       Fruit             |     1 |       ||     1
Armor: Animal skin       |    50 |     5 ||    55
Dodge: Dodged            |    77 |     3 ||    80
